Map: Dusk Towers

Players

IIIIIIIIIIII

  • Race: Zerg Zerg

AcerBly (Bly) - Winner!

  • Race: Zerg Zerg

Event: Gauntlet LotV Series 1 Qualifier 1

VOD

Have the link to the VOD?

Description

Time

  • Played on: Nov. 22, 2015, 5:38 p.m.
  • Length: 6:54

All games in this series

Show
View Real Time Build Order
Export as new Build Order

IIIIIIIIIIII Zerg 

Build Orders: Pool First 

Get SALT Encoding   

  12  0:01  Drone  
  13  0:08  Drone  
  14  0:15  Extractor  
  14  0:16  Drone  
  14  0:31  Spawning Pool  
  14  0:35  Drone  
  14  0:44  Overlord  
  14  0:54  Overlord  
  14  1:17  Queen  
  14  1:18  Metabolic Boost  
  16  1:22  Zergling x2  
  17  1:26  Zergling x2  
  17  1:31  Zergling x2  
  19  1:36  Zergling x2  
  20  1:46  Baneling Nest  
  19  1:49  Zergling x2  
  20  1:58  Zergling x2  
  21  2:05  Zergling x2  
  22  2:16  Zergling x2  
  23  2:27  Zergling x4  
  23  2:28  Zergling x2  
  26  2:35  Zergling x2  
  27  2:44  Baneling x2  
  27  2:49  Zergling x2  
  24  2:54  Zergling x2  
  23  3:02  Zergling x2  
  23  3:03  Zergling x4  
  23  3:05  Drone  
  22  3:17  Drone  
  23  3:20  Evolution Chamber  
  22  3:33  Zergling x2  
  23  3:38  Zergling x6  
  26  3:46  Zerg Melee Weapons Level 1  
  26  3:54  Zergling x4  
  24  4:06  Zergling x2  
  24  4:07  Zergling x6  
  28  4:20  Overlord  
  28  4:27  Zergling x2  
  30  4:38  Zergling x6  
  30  4:44  Zergling x2  
  33  4:58  Zergling x2  
  34  5:11  Zergling x6  
  34  5:12  Zergling x2  
  36  5:19  Zergling x2  
  33  5:31  Zergling x2  
  34  5:41  Overlord x2  
  34  5:43  Zergling x2  
  32  5:56  Zergling x2  
  31  6:04  Zergling x2  
  26  6:13  Zergling x6  
  22  6:43  Hatchery  
Show
View Real Time Build Order
Export as new Build Order

AcerBly Zerg - Winner!

Build Orders: Pool First 

Get SALT Encoding   

  12  0:01  Drone  
  13  0:20  Drone x2, Extractor  
  14  0:32  Spawning Pool  
  13  0:37  Drone  
  14  0:45  Extractor  
  14  0:46  Drone  
  15  0:52  Overlord  
  15  1:21  Metabolic Boost, Zergling x4  
  15  1:22  Queen  
  19  1:26  Zergling x2  
  19  1:32  Zergling x2  
  21  1:52  Hatchery  
  20  1:58  Overlord  
  20  2:04  Zergling x2  
  20  2:05  Zergling x2  
  22  2:18  Zergling x2  
  22  2:20  Queen  
  25  2:28  Zergling x2  
  26  2:31  Zergling x4  
  26  2:34  Zergling x2  
  29  2:50  Zergling x4  
  23  3:03  Zergling x6  
  23  3:07  Zergling x2  
  23  3:08  Queen  
  26  3:19  Queen  
  27  3:28  Drone  
  27  3:29  Drone  
  27  3:33  Zergling x4  
  31  3:37  Drone  
  32  3:44  Drone x2  
  33  4:02  Zergling x10  
  34  4:15  Drone  
  35  4:22  Overlord x2  
  35  4:29  Overlord  
  35  4:40  Overlord x2  
  35  4:47  Drone x5  
  40  4:54  Overlord  
  40  5:03  Overlord  
  40  5:13  Zergling x12  
  44  5:20  Zergling x6  
  43  5:26  Baneling Nest  
  42  5:37  Zergling x2  
  42  5:38  Zergling x6  
  45  5:55  Zergling x16  
  47  6:02  Zergling x2  
  45  6:12  Baneling x7  
  45  6:15  Drone x3, Baneling  
  48  6:33  Baneling x2  
  48  6:36  Zergling x8  
  52  6:53  Roach Warren  
  52  6:54  Extractor  
Tags
 
Add a new tag
Caveats
  • Supply blocks, unpowered buildings, or Contaminate may cause inaccurate times.
  • Supply counts are checked every 10 seconds.